Map: Alcyone LE

Players

MaxPax

  • Race: Protoss Protoss
  • League: Master
  • Spawn Location: 1:00

Serral - Winner!

  • Race: Zerg Zerg
  • Spawn Location: 7:00

VOD

Have the link to the VOD?

Description

Time

  • Played on: Oct. 18, 2023, 10:36 a.m.
  • Length: 14:25
Show
View Real Time Build Order
Export as new Build Order

MaxPax Protoss 

Build Orders: 1 Gate Expand, Oracle Opening 

Get SALT Encoding   

  12  0:00  Probe  
  13  0:12  Probe  
  14  0:20  Pylon  
  14  0:24  Probe  
  15  0:38  Probe (Chrono Boost)  
  15  0:40  Gateway  
  16  0:47  Probe (Chrono Boost)  
  16  0:48  Assimilator  
  17  0:52  Probe (Chrono Boost)  
  18  1:04  Probe  
  19  1:16  Probe  
  20  1:26  Nexus  
  20  1:37  Cybernetics Core  
  20  1:39  Probe  
  21  1:45  Assimilator  
  21  1:51  Probe  
  22  1:55  Pylon  
  22  2:03  Probe  
  23  2:10  Adept (Chrono Boost)  
  25  2:16  Probe  
  25  2:18  Stargate  
  26  2:27  Warp Gate  
  26  2:28  Probe (Chrono Boost)  
  27  2:33  Adept  
  29  2:38  Probe (Chrono Boost)  
  29  2:40  Probe (Chrono Boost)  
  31  2:48  Probe x2 (Chrono Boost)  
  33  2:53  Probe (Chrono Boost)  
  33  2:54  Probe  
  35  3:00  Oracle (Chrono Boost)  
  35  3:04  Probe  
  39  3:06  Probe  
  39  3:09  Pylon  
  40  3:16  Probe  
  40  3:17  Gateway  
  40  3:18  Probe  
  42  3:28  Probe  
  42  3:30  Oracle, Probe  
  47  3:40  Probe  
  48  3:42  Probe  
  49  3:50  Nexus  
  49  3:53  Probe  
  49  3:55  Pylon  
  50  3:57  Probe  
  50  4:00  Assimilator  
  51  4:03  Assimilator  
  51  4:05  Probe  
  51  4:08  Pylon  
  51  4:09  Probe  
  53  4:13  Oracle  
  56  4:17  Probe  
  56  4:18  Stalker  
  56  4:21  Probe  
  60  4:29  Probe  
  60  4:30  Twilight Council  
  60  4:31  Forge  
  61  4:34  Probe  
  62  4:41  Probe  
  63  4:45  Gateway  
  63  4:46  Probe  
  63  4:49  Gateway  
  64  4:56  Probe  
  63  5:00  Probe  
  63  5:04  Gateway, Blink (Chrono Boost)  
  63  5:05  Probe (Chrono Boost)  
  63  5:07  Gateway, Stalker  
  63  5:08  Probe (Chrono Boost)  
  67  5:15  Protoss Ground Weapons Level 1 (Chrono Boost)  
  67  5:18  Probe x2 (Chrono Boost)  
  67  5:20  Probe (Chrono Boost)  
  69  5:25  Probe (Chrono Boost)  
  69  5:26  Probe (Chrono Boost)  
  69  5:27  Dark Shrine, Probe (Chrono Boost)  
  72  5:33  Shield Battery  
  73  5:36  Probe  
  73  5:38  Probe, Forge  
  73  5:39  Stalker x3  
  73  5:41  Probe  
  81  5:46  Shield Battery  
  81  5:48  Probe  
  82  5:50  Robotics Facility, Probe  
  84  6:02  Pylon  
  83  6:13  Pylon  
  83  6:14  Pylon  
  83  6:16  Protoss Ground Armor Level 1 (Chrono Boost)  
  83  6:17  Photon Cannon  
  83  6:18  Nexus  
  83  6:21  Stalker x4  
  91  6:25  Stalker  
  91  6:32  Probe  
  94  6:33  Adept  
  94  6:39  Observer, Pylon  
  97  6:46  Probe  
  98  6:48  Stalker x4  
  98  6:49  Stalker  
  98  6:51  Charge, Pylon  
  108  6:57  Pylon  
  108  6:58  Probe  
  108  6:59  Warp Prism (Chrono Boost)  
  108  7:01  Photon Cannon  
  107  7:02  Pylon  
  109  7:10  Probe  
  109  7:11  Pylon  
  109  7:15  Protoss Ground Weapons Level 2 (Chrono Boost)  
  110  7:18  Robotics Bay  
  110  7:23  Gateway x2  
  110  7:24  Stalker x3  
  116  7:30  Zealot  
  114  7:48  Stalker x5  
  114  7:49  Probe x4  
  128  7:53  Gateway  
  128  7:54  Gateway, Stalker  
  130  8:01  Probe  
  130  8:05  Probe  
  129  8:06  Probe  
  129  8:07  Shield Battery, Probe  
  129  8:10  Disruptor (Chrono Boost)  
  137  8:15  Zealot x5  
  137  8:17  Zealot x2  
  149  8:26  Zealot  
  135  8:36  Zealot x4, Stalker  
  131  8:43  Zealot x2  
  131  8:46  Probe  
  110  8:48  Zealot x2  
  110  8:49  Probe  
  110  8:50  Probe  
  110  8:55  Stalker  
  110  8:57  Probe  
  110  8:59  Protoss Ground Armor Level 2 (Chrono Boost), Stalker x2  
  110  9:00  Stalker x2  
  117  9:06  Probe x3  
  117  9:09  Zealot  
  122  9:11  Shield Battery, Colossus (Chrono Boost)  
  122  9:12  Probe  
  123  9:18  Stalker x4  
  134  9:25  Zealot x3  
  134  9:27  Zealot  
  134  9:28  Zealot  
  141  9:32  Probe  
  141  9:38  Photon Cannon  
  142  9:42  Extended Thermal Lance  
  140  9:49  Zealot x6  
  152  9:54  Robotics Facility  
  152  9:55  Probe  
  152  9:56  Assimilator  
  151  10:06  Colossus (Chrono Boost)  
  157  10:09  Probe x2  
  157  10:11  Probe  
  157  10:13  Assimilator  
  160  10:20  Zealot  
  160  10:21  Zealot  
  164  10:24  Pylon  
  164  10:27  Protoss Ground Weapons Level 3 (Chrono Boost)  
  163  10:35  Pylon  
  161  10:39  Observer  
  158  10:44  Stalker x5  
  158  10:45  Zealot x3  
  166  10:53  Probe x2  
  166  10:57  Assimilator  
  154  11:02  Probe  
  135  11:06  Zealot x5  
  135  11:07  Zealot x3  
  135  11:08  Stalker x2, Colossus (Chrono Boost)  
  145  11:13  Colossus (Chrono Boost)  
  145  11:18  Probe x3  
  158  11:21  Assimilator  
  158  11:25  Templar Archives  
  158  11:29  Zealot x7  
  168  11:43  Zealot  
  168  11:44  Zealot x2  
  168  11:51  Stalker x6  
  178  11:57  Disruptor (Chrono Boost)  
  178  11:59  Probe  
  179  12:02  Assimilator  
  179  12:04  Pylon  
  179  12:05  Disruptor (Chrono Boost)  
  179  12:06  Pylon  
  177  12:15  Zealot x2  
  179  12:17  Pylon  
  175  12:24  Nexus  
  175  12:28  Photon Cannon  
  167  12:31  Zealot x6  
  167  12:32  Observer (Chrono Boost)  
  166  12:39  Observer (Chrono Boost)  
  166  12:42  Templar Archives  
  145  12:45  Disruptor (Chrono Boost)  
  145  12:48  Zealot x4  
  145  13:05  Disruptor (Chrono Boost)  
  145  13:07  Observer  
  145  13:08  Zealot x9  
  155  13:19  Stalker  
  133  13:30  Disruptor (Chrono Boost)  
  133  13:32  Zealot x9  
  146  13:37  Disruptor (Chrono Boost)  
  130  13:54  High Templar x2  
  130  13:55  High Templar x4  
  132  13:57  Zealot x4  
  132  13:59  Probe  
  132  14:00  Probe  
  136  14:03  Archon x2  
  136  14:04  Archon  
  136  14:06  Probe x2  
  104  14:17  Stalker  
  104  14:18  Zealot x3  
Show
View Real Time Build Order
Export as new Build Order

Serral Zerg - Winner!

Build Orders: Hatch First, Lurkers 

Get SALT Encoding   

  12  0:00  Drone  
  13  0:08  Drone  
  14  0:32  Hatchery  
  14  0:35  Drone  
  14  0:43  Extractor, Drone  
  14  0:48  Overlord  
  15  1:04  Spawning Pool  
  15  1:08  Drone  
  15  1:12  Drone  
  15  1:16  Drone  
  17  1:21  Drone  
  18  1:31  Drone  
  19  1:32  Extractor  
  18  1:45  Drone x2  
  20  1:51  Queen x2  
  24  1:54  Drone  
  24  1:58  Zergling x2  
  26  2:05  Overlord  
  26  2:08  Drone  
  27  2:13  Drone  
  28  2:23  Drone  
  28  2:24  Drone  
  30  2:30  Hatchery  
  29  2:38  Drone x2  
  29  2:41  Overlord  
  31  2:47  Queen  
  31  2:50  Drone  
  34  2:54  Metabolic Boost  
  34  2:57  Drone  
  35  3:00  Drone  
  35  3:01  Drone  
  35  3:05  Overlord  
  37  3:08  Drone  
  37  3:10  Drone  
  37  3:11  Drone  
  40  3:16  Zergling x2  
  40  3:18  Queen  
  43  3:21  Drone  
  43  3:26  Drone  
  45  3:27  Queen  
  45  3:29  Zergling x2  
  45  3:30  Zergling x2  
  49  3:38  Overlord  
  49  3:42  Zergling x2  
  49  3:43  Overlord  
  49  3:44  Drone  
  49  3:45  Drone  
  50  3:50  Queen  
  50  3:53  Drone x3  
  55  3:59  Spore Crawler x2  
  55  4:00  Drone x2  
  55  4:02  Drone  
  56  4:08  Drone x4  
  60  4:15  Zergling x2, Overlord  
  61  4:17  Drone x2  
  61  4:19  Drone  
  64  4:25  Overlord  
  64  4:26  Zergling x2  
  64  4:29  Drone x3  
  68  4:32  Drone  
  68  4:35  Roach Warren  
  68  4:36  Drone x3  
  71  4:40  Drone  
  71  4:42  Drone x2  
  74  4:45  Lair  
  74  4:50  Zergling x2  
  74  4:52  Drone x3  
  76  4:55  Drone x2  
  77  5:01  Extractor  
  77  5:02  Extractor, Drone x4  
  77  5:04  Drone  
  77  5:05  Evolution Chamber  
  79  5:09  Drone x3  
  82  5:17  Drone x3  
  82  5:19  Hatchery  
  84  5:21  Overlord  
  84  5:24  Drone x3  
  84  5:25  Extractor  
  84  5:27  Drone  
  84  5:28  Drone x2  
  88  5:31  Overlord  
  88  5:32  Extractor, Overlord  
  88  5:34  Zerg Missile Weapons Level 1  
  87  5:36  Extractor  
  87  5:37  Overlord  
  86  5:43  Spore Crawler  
  86  5:46  Drone  
  86  5:50  Drone  
  86  5:51  Hydralisk Den  
  86  5:53  Zergling x14  
  86  5:56  Overlord  
  93  5:59  Overseer  
  93  6:07  Overlord  
  93  6:09  Zergling x4, Infestation Pit  
  93  6:10  Zergling x4  
  95  6:14  Overlord  
  95  6:21  Grooved Spines  
  95  6:25  Hydralisk  
  95  6:26  Hydralisk x7  
  95  6:29  Hydralisk  
  113  6:34  Hydralisk x3  
  113  6:35  Hydralisk  
  121  6:43  Overlord  
  121  6:44  Hydralisk x3  
  126  6:48  Drone x3  
  126  6:49  Drone  
  126  6:50  Drone  
  126  6:53  Drone x4  
  134  6:57  Overlord  
  134  7:01  Infestor  
  136  7:02  Infestor  
  136  7:03  Extractor  
  136  7:07  Zergling x10  
  142  7:12  Muscular Augments  
  142  7:15  Zergling x10  
  145  7:21  Overlord x2  
  145  7:22  Overlord x2  
  145  7:29  Zerg Missile Weapons Level 2  
  145  7:31  Hydralisk x3  
  145  7:35  Zergling x2  
  145  7:36  Zergling x8  
  153  7:38  Zergling x2  
  153  7:42  Zergling x4, Hydralisk x2  
  155  7:47  Zergling x4  
  155  7:51  Zergling x2  
  155  7:52  Zergling x12  
  162  8:03  Hydralisk x2  
  162  8:04  Zergling x10  
  170  8:10  Hydralisk x4  
  176  8:13  Hydralisk x2  
  176  8:17  Hive  
  179  8:23  Hydralisk x3  
  179  8:29  Zergling x10  
  172  8:36  Zergling x10  
  172  8:41  Zergling x10  
  171  8:45  Zergling x4  
  171  8:47  Hydralisk  
  171  8:48  Zergling x2, Hydralisk  
  164  8:53  Hydralisk  
  164  8:54  Hydralisk x3  
  163  8:57  Drone x2  
  163  8:59  Drone x2  
  167  9:07  Extractor  
  167  9:08  Overlord  
  166  9:11  Overlord  
  166  9:15  Hatchery  
  165  9:22  Glial Reconstitution  
  165  9:24  Hydralisk x4, Lurker Den  
  164  9:25  Pneumatized Carapace  
  172  9:32  Viper x3  
  181  9:46  Drone x9  
  181  9:48  Drone x3  
  181  9:49  Overseer  
  181  9:52  Zerg Missile Weapons Level 3  
  193  9:55  Adrenal Glands  
  193  9:56  Evolution Chamber  
  193  9:58  Drone x3  
  194  10:06  Overseer  
  194  10:07  Spine Crawler x2  
  192  10:10  Spine Crawler  
  190  10:18  Hydralisk x4  
  190  10:20  Extractor  
  197  10:24  Seismic Spines  
  195  10:35  Hydralisk x6  
  183  10:53  Zergling x24  
  183  11:01  Hydralisk x2  
  183  11:02  Zergling x22  
  182  11:05  Overlord  
  182  11:09  Roach x10  
  192  11:17  Roach, Overlord  
  192  11:18  Roach x4  
  198  11:21  Adaptive Talons  
  198  11:26  Lurker x2  
  198  11:27  Overseer  
  198  11:31  Zerg Ground Armor Level 1  
  189  11:42  Zergling x26  
  189  11:47  Hydralisk x2  
  195  11:50  Hatchery  
  177  11:54  Hydralisk x3  
  177  11:55  Zergling x14  
  190  12:03  Lurker x7  
  197  12:11  Hydralisk x2  
  197  12:12  Zergling x2  
  186  12:23  Roach x7  
  186  12:28  Roach  
  186  12:29  Zerg Melee Weapons Level 1, Roach x5  
  185  12:43  Drone x6  
  182  12:48  Roach x2  
  182  12:49  Overseer  
  182  12:50  Lurker x4  
  184  13:00  Hydralisk x2  
  184  13:01  Zergling x22, Hydralisk  
  188  13:23  Hydralisk x10  
  193  13:31  Hydralisk  
  193  13:32  Zergling x10, Hydralisk x3  
  197  13:37  Hydralisk x4  
  197  13:38  Zergling x8  
  196  13:55  Drone x3  
  188  13:57  Hydralisk x2  
  188  13:58  Zergling x10, Ultralisk Cavern, Spire  
Tags
 
Add a new tag
Caveats
  • Supply blocks, unpowered buildings, or Contaminate may cause inaccurate times.
  • Supply counts are checked every 10 seconds.